 Dungeon Crawl Stone Soup version 0.27.1-35-g4d5d836560 (webtiles) character file.

Game seed: 803575044476135092

721 Delamore the Covert (level 7, -1/45 HPs)
             Began as an Octopode Brigand on Apr 18, 2022.
             Was an Initiate of Gozag.
             Killed from afar by an orc wizard (11 damage)
             ... with a puff of flame
             ... on level 5 of the Dungeon.
             The game lasted 00:04:55 (4766 turns).

Delamore the Covert (Octopode Brigand)              Turns: 4766, Time: 00:04:55

Health: -1/45      AC:  1    Str: 10    XL:     7   Next: 71%
Magic:  7/7        EV: 31    Int: 14    God:    Gozag
Gold:   183        SH:  0    Dex: 15    Spells: 6/6 levels left

rFire    . . .     SeeInvis .   r - +0 dagger (elec)
rCold    . . .     Faith    .   (no shield)
rNeg     . . .     Spirit   .   (helmet restricted)
rPois    +         Reflect  .   e - amulet of the acrobat
rElec    .         Harm     .   q - +4 ring of evasion
rCorr    .         Rampage  .   p - +4 ring of slaying
Will     .....                  s - ring of poison resistance
Stlth    +++++.....             (no ring)
HPRegen  0.15/turn              (no ring)
MPRegen  0.10/turn              (no ring)
                                (no ring)
                                (no ring)

@: gold aura, acrobatic
A: almost no armour, amphibious, 8 rings, camouflage 1, gelatinous body 1,
(nimble swimmer 1), tentacles
a: Renounce Religion, Potion Petition, Call Merchant, Bribe Branch


You were on level 5 of the Dungeon.
You worshipped Gozag.
Gozag was aware of your devotion.
You visited 2 branches of the dungeon, and saw 6 of its levels.

You collected 376 gold pieces.
You spent 117 gold pieces at shops.
You paid 76 gold pieces to Gozag.

Inventory:

Hand Weapons
 a - a +2 dagger
 d - a +1 dagger of freezing
 l - a +1 dagger of draining
 r - a +0 dagger of electrocution (weapon)
Missiles
 b - 8 poisoned darts (quivered)
 c - 2 curare-tipped darts
Jewellery
 e - an amulet of the acrobat (around mantle)
 p - a +4 ring of slaying (right tentacle)
 q - a +4 ring of evasion (left tentacle)
 s - a ring of poison resistance (on tentacle)
Scrolls
 f - 2 scrolls of enchant weapon
 g - a scroll of fog
 h - a scroll of summoning
 i - 2 scrolls of teleportation
 k - 3 scrolls of noise
 n - a scroll of enchant armour
 o - a scroll of fear {unknown}
 t - a scroll of magic mapping
Potions
 j - a potion of degeneration {unknown}
 m - a potion of resistance {unknown}
 u - a potion of haste


   Skills:
 - Level 2.0 Fighting
 * Level 7.0 Short Blades
 - Level 2.0 Throwing
 - Level 1.0 Dodging
 + Level 8.6 Stealth


You had 6 spell levels left.
You didn't know any spells.
Your spell library contained the following spells:

 Spells                   Type           Power      Damage    Failure   Level
 Beastly Appendage        Tmut           0%         N/A       28%         1
 Wereblood                Tmut           0%         N/A       41%         2
 Spider Form              Tmut/Pois      0%         N/A       65%         3


Dungeon Overview and Level Annotations

Branches:
Dungeon (5/15)             Temple (1/1) D:4

Altars:
Ashenzari
Cheibriados
Dithmenos
Gozag
Hepliaklqana
Nemelex Xobeh
Okawaru
Ru
Sif Muna
Uskayaw
Vehumet
Wu Jian
Xom
The Shining One
Beogh

Shops:
D:1 (   D:3 :   D:4 *

Annotations:
D:3 3 runed translucent doors, CrazyMind's ghost, novice GnBr
D:4 3 runed translucent doors, makewrite's ghost, amateur GrBe


Innate Abilities, Weirdness & Mutations

You cannot wear most types of armour.
You are amphibious.
You can wear up to eight rings at the same time.
Your skin changes colour to match your surroundings (Stealth+).
Your rubbery body absorbs attacks. (AC +1, EV +1)
((You are camouflaged near water. (Stealth+)))
You have tentacles for arms and can constrict up to eight enemies at once.


Message History

Deactivating autopickup; reactivate with Ctrl-A.
The orc shouts!
You hit the scorpion. Lightning courses through the scorpion!
You kill the scorpion!
Your Short Blades skill increases to level 7!
You hit the orc. Your grab misses the orc.
The orc is severely wounded.
The orc is distracted by your dazzling golden aura.
The shadow imp grinds its teeth.
The orc hits you with a +0 dagger.
The orc shouts!
You barely miss the orc.
The orc is no longer distracted by gold.
You grab the orc. You squeeze the orc.
You kill the orc!
You hit the orc. Lightning courses through the orc!
You kill the orc!
The shadow imp gestures at you. Pain shoots through your body!
The orc is distracted by your dazzling golden aura.
The orc wizard points at you and mumbles some strange words.
The magic dart hits you!
You are too injured to fight recklessly!
You are too injured to fight recklessly!
You are too injured to fight recklessly!
The orc wizard is distracted by your dazzling golden aura.
You hear some strange, mumbled words.
Something tries to affect you, but you resist.
The orc wizard shouts!
The orc shouts!
A magic dart appears from out of thin air!
The magic dart hits you.
* * * LOW HITPOINT WARNING * * *
The shadow imp is distracted by your dazzling golden aura.
The shadow imp shouts!
Something tries to affect you, but you resist.
A puff of flame appears from out of thin air!
The puff of flame hits you!
You die...
Your body crumbles into a pile of gold.

#..........o## .
#............ ..
##......$..o# ..#
.......?5{..##..##
$
#...?....$.#.....
#..............#
##...........#.##
#..........###
.##.....@....#
.........$...#
#......<.....#
#.#..........#
##........##
##......##
####.#.# .....
......


You could see an orc wizard and a shadow imp.

Vanquished Creatures
  A centaur (D:3)
  A scorpion (D:5)
  A water moccasin skeleton (D:4)
  A bullfrog skeleton (D:4)
  4 orc priests
  2 hounds (D:4)
  An iguana (D:4)
  5 orc wizards
  A gnoll (D:1)
  6 adders
  5 worms
  A dart slug (D:3)
  13 orcs
  2 ball pythons
  9 endoplasms
  A giant cockroach (D:2)
  6 hobgoblins
  10 jackals
  8 kobolds
  2 quokkas
  7 bats
  3 frilled lizards
  8 goblins
  2 rats
100 creatures vanquished.

Notes
Turn   | Place    | Note
-------+----------+-------------------------------------------
     0 | D:1      | Delamore the Octopode Brigand began the quest for the Orb.
     0 | D:1      | Reached XP level 1. HP: 14/14 MP: 1/1
   110 | D:1      | Reached XP level 2. HP: 16/19 MP: 2/2
   447 | D:1      | Reached XP level 3. HP: 11/24 MP: 3/3
   783 | D:1      | Found Qiol's Weapon Shop.
  1181 | D:2      | Found a faded altar of an unknown god.
  1266 | D:2      | Found a sacrificial altar of Ru.
  1351 | D:2      | Reached skill level 6 in Stealth
  1587 | D:3      | Reached XP level 4. HP: 16/29 MP: 4/4
  2008 | D:3      | Reached XP level 5. HP: 25/34 MP: 5/5
  2281 | D:3      | Found a runed translucent gate.
  2282 | D:3      | Noticed CrazyMind's ghost (novice GnBr)
  2283 | D:3      | Found a runed translucent gate.
  2284 | D:3      | Found a runed translucent gate.
  2501 | D:3      | Found Zosoll's Book Shop.
  2872 | D:3      | Noticed a centaur
  2874 | D:3      | Killed a centaur
  2875 | D:3      | Reached skill level 5 in Short Blades
  2875 | D:3      | Reached skill level 7 in Stealth
  2875 | D:3      | Reached XP level 6. HP: 39/39 MP: 6/6
  3178 | D:1      | Bought a +0 dagger of electrocution for 91 gold pieces
  3302 | D:4      | Found a staircase to the Ecumenical Temple.
  3438 | Temple   | Entered the Ecumenical Temple
  3555 | Temple   | Became a worshipper of Gozag Ym Sagoz the Greedy
  3673 | D:4      | Found Eduemn's Assorted Antiques.
  3693 | D:4      | Bought a scroll labelled ROTIRU FOS YVO for 26 gold pieces
  3717 | D:4      | Reached XP level 7. HP: 45/45 MP: 7/7
  3871 | D:4      | Found a runed translucent gate.
  3871 | D:4      | Found a runed translucent gate.
  3871 | D:4      | Found a runed translucent gate.
  3906 | D:4      | Reached skill level 8 in Stealth
  4035 | D:4      | Noticed makewrite's ghost (amateur GrBe)
  4183 | D:5      | Entered Level 5 of the Dungeon
  4766 | D:5      | Killed from afar by an orc wizard

Illustrated notes

Levels and vault maps discovered:
D:1:      nzn_arrival_depleted_hourglass, layout_loops_ring, serial_shops, shop,
          minmay_small_reverse_x
D:2:      layout_loops_cross, dilly_ecumenical_altar_fadedgnrine, basic_altar
D:3:      layout_basic, serial_shops, shop_coins, biasface_ghost_orc_armoury,
          kennysheep_pointless_box
D:4:      layout_gridville, minmay_temple_entry_statues_fountains, serial_shops,
          shop, gammafunk_ghost_icy, kennysheep_generic_room_3
D:5:      layout_rooms, amethyst_killhole
Temple:   compressed_dpeg_circular_temple

Skill      XL: |  1  2  3  4  5  6  7 |
---------------+----------------------+-----
Short Blades   | 3 4 5 6 7 |  7.0
Stealth        | 6 7 8 |  8.6
Fighting       | |  2.0
Throwing       | |  2.0
Dodging        | |  1.0

Action                   |  1- 3 |  4- 6 |  7- 9 || total
-------------------------+-------+-------+-------++-------
Melee: Dagger            |    56 |   106 |    44 ||   206
       Tentacles         |    12 |    16 |     4 ||    32
       Constrict         |    12 |    21 |     7 ||    40
Throw: Dart              |     1 |     6 |       ||     7
  Use: Scroll            |     3 |     4 |       ||     7
       Potion            |       |       |     2 ||     2
 Stab: Sleeping          |     8 |     5 |     5 ||    18
       Distracted        |     1 |       |       ||     1
Armor: Skin              |     3 |     7 |     2 ||    12
Dodge: Dodged            |    24 |    68 |    34 ||   126
